 Dungeon Crawl Stone Soup version 0.30-a0-778-g2ef04afb54 (webtiles) character file.

Game seed: 3588061440522347741

4 theswoord the Chiller (level 1, -1/15 HPs)
             Began as a Naga Ice Elementalist on Feb 15, 2023.
             Slain by a kobold
             ... wielding a +0 dagger
              (4 damage)
             ... on level 1 of the Dungeon.
             The game lasted 00:00:44 (102 turns).

theswoord the Chiller (Naga Ice Elementalist)        Turns: 102, Time: 00:00:44

Health: -1/15      AC:  1    Str: 10    XL:     1   Next: 70%
Magic:  0/3        EV:  9    Int: 15    God:
Gold:   0          SH:  0    Dex: 11    Spells: 3/4 levels left

rFire   . . .      SeeInvis +    d - +0 short sword
rCold   . . .      Faith    .    (no shield)
rNeg    . . .      Spirit   .    a - +0 robe
rPois   +          Reflect  .    (no helmet)
rElec   .          Harm     .    (no cloak)
rCorr   .          Rampage  .    (no gloves)
Will    .....                    (no barding)
Stlth   ++                       (no amulet)
HPRegen 0.22/turn                (no ring)
MPRegen 0.08/turn                (no ring)

@: very slow
A: AC +0, large, see invisible, deformed body, poison resistance, slowness 2,
spit poison 1, naga tail 1
a: Spit Poison


You were on level 1 of the Dungeon.
You visited 1 branch of the dungeon, and saw 1 of its levels.

Inventory:

Hand Weapons
 d - a +0 short sword (weapon)
Armour
 a - a +0 robe (worn)
Scrolls
 c - a scroll of identify {unknown}
Potions
 b - a potion of magic


   Skills:
 - Level 1.5 Dodging
 - Level 3.0 Stealth
 + Level 2.2 Spellcasting
 + Level 4.1 Ice Magic


You had 3 spell levels left.
You knew the following spells:

 Your Spells              Type           Power      Damage    Failure   Level
a - Freeze                Ice            56%        1d7       4%          1

Your spell library contained the following spells:

 Spells                   Type           Power      Damage    Failure   Level
 Frozen Ramparts          Ice            28%        1d5       12%         3
 Ozocubu's Armour         Ice            14%        N/A       12%         3
 Summon Ice Beast         Ice/Summ       7%         N/A       67%         4


Dungeon Overview and Level Annotations

Branches:
Dungeon (1/15)

Altars:


Innate Abilities, Weirdness & Mutations

Your serpentine skin is tough. (AC +0)
You have supernaturally acute eyesight. (SInv)
Armour fits poorly on your strangely shaped body.
Your system is resistant to poisons. (rPois)
You cover ground very slowly.
You can spit poison.
You have a snake-like lower body.


Message History

You kill the kobold!
Aim: a frilled lizard You freeze the frilled lizard.
The frilled lizard seems to slow down.
You don't have enough magic to cast this spell.
You don't have enough magic to cast this spell.
You don't have enough magic to cast this spell.
The frilled lizard barely misses you.
Things that are here:
a +0 short sword; a ring of wizardry
d - a +0 short sword The frilled lizard is no longer moving slowly.
The frilled lizard misses you.
Really attack while wielding nothing? [Y]es or [N]o only, please.
Really attack while wielding nothing?
Okay, then.
d - a +0 short sword (weapon)
You hit the frilled lizard.
You kill the frilled lizard!
The kobold hits you with a +0 dagger.
You barely miss the kobold. The kobold barely misses you.
The rat bites you but does no damage.
Unknown command.
You barely miss the kobold. The rat barely misses you.
The kobold hits you with a +0 dagger.
You closely miss the kobold. The rat barely misses you.
The kobold hits you with a +0 dagger.
* * * LOW HITPOINT WARNING * * *
Unknown command.
You don't have enough magic to cast this spell.
Unknown command.
You don't have enough magic to cast this spell.
You hit the kobold. The rat closely misses you.
The kobold hits you with a +0 dagger.
* * * LOW HITPOINT WARNING * * *
You don't have enough magic to cast this spell.
You hit the kobold but do no damage. The rat bites you.
* * * LOW HITPOINT WARNING * * *
The kobold hits you with a +0 dagger.
You die...

..#...................
#....#....#..........
.#...#.#.#...⌠....# #
##...............# .#
#...#...#........## ..#
..##...#)..####...###...#
..#..#....##Kl##........#.
...##.....#>##!#...⌠......
#.........###.##@.......##
..#..##....#'##†Kr###(..#
.#...............## #..#
.#.#...#.........# ..#
..##....##...⌠.... .# .#
.# .#....... # ..........
##########


You could see a kobold and a rat.

Vanquished Creatures
  An endoplasm (D:1)
  A goblin (D:1)
  A kobold (D:1)
  A frilled lizard (D:1)
4 creatures vanquished.

Notes
Turn   | Place    | Note
-------+----------+-------------------------------------------
     0 | D:1      | theswoord the Naga Ice Elementalist began the quest for the
                  | Orb.
     0 | D:1      | Reached XP level 1. HP: 15/15 MP: 3/3
   102 | D:1      | Slain by a kobold

Action                     || total
---------------------------++-------
  Melee: Short sword       ||     6
         Unarmed           ||     4
   Cast: Freeze            ||     6
 Armour: Robe              ||     1
  Dodge: Dodged            ||    18

Levels and vault maps discovered:
D:1:      erik_arrival_cave_to_civilisation [erik_arrival_cave_to_hall],
          layout_loops_corners, nicolae_nh_oracle_at_delphi
